AoeStats
← sebastianlopez2707

Arabia

504331281Analyzed
1v1 RM · 29d ago on Sep 4, 2026· 19m 56s· 2 players
Game mode
Random Map
Map size
Tiny (2 player)
Population
200
Speed
Normal
Resources
Standard
Victory
Conquest
Starting age
Dark Age
Ending age
Imperial Age
RankedLock teamsTeams togetherTeam positionsShared explorationLock speedFull tech treeHidden civsTurbo modeCheats
Victory
Defeat
🇨🇴 Franks · Colombia
459
+19
🇺🇸 Romans · United States
530
-19
sebastianlopez2707
8:01 Loom
10:19 Feudal Age
12:53 Double-Bit Axe
18:28 Wheelbarrow
Atlas The MAD Turtle
7:37 Loom
11:28 Feudal Age
12:47 Horse Collar
20:34 Castle Age
Connection lost

Rejoining the realm…

Still unreachable

The connection could not be restored.

Session expired

The server has moved on; the page needs a fresh start.